 Dungeon Crawl Stone Soup version 0.30-a0-165-g1891117ce2 (webtiles) character file.

Game seed: 13060063842021463638

821 Iusername the Poker (level 7, -2/61 HPs)
             Began as a Minotaur Fighter on Sept 28, 2022.
             Was an Initiate of Dithmenos.
             Slain by an ogre
             ... wielding a +0 giant club
              (21 damage)
             ... on level 5 of the Dungeon.
             The game lasted 00:06:25 (7910 turns).

Iusername the Poker (Minotaur Fighter)              Turns: 7910, Time: 00:06:26

Health: -2/61      AC:  7    Str: 22    XL:     7   Next: 63%
Magic:  6/6        EV:  9    Int:  5    God:    Dithmenos [......]
Gold:   200        SH:  4    Dex: 10    Spells: 6/6 levels left

rFire   . . .      SeeInvis .    a - +0 trident
rCold   . . .      Faith    .    c - +0 buckler
rNeg    . . .      Spirit   .    b - +0 scale mail
rPois   .          Reflect  .    (helmet restricted)
rElec   .          Harm     .    (no cloak)
rCorr   .          Rampage  .    (no gloves)
Will    .....                    (no boots)
Stlth   ..........               (no amulet)
HPRegen 0.20/turn                (no ring)
MPRegen 0.10/turn                (no ring)

@: no status effects
A: horns 2, retaliatory headbutt
a: Renounce Religion


You were on level 5 of the Dungeon.
You worshipped Dithmenos.
Dithmenos was noncommittal.
You visited 1 branch of the dungeon, and saw 5 of its levels.

You collected 200 gold pieces.

Inventory:

Hand Weapons
 a - a +0 trident (weapon)
Missiles
 y - 5 javelins (quivered)
Armour
 b - a +0 scale mail (worn)
 c - a +0 buckler (worn)
 q - a +0 pair of gloves
Jewellery
 u - an amulet of faith
 z - a ring of magical power
Scrolls
 d - a scroll of vulnerability {unknown}
 f - 4 scrolls of identify {unknown}
 j - 2 scrolls of teleportation {unknown}
 k - 2 scrolls of immolation {unknown}
 n - a scroll of blinking {unknown}
 p - a scroll of amnesia {unknown}
 r - a scroll of enchant weapon {unknown}
 s - a scroll of fear {unknown}
 v - a scroll of silence {unknown}
 w - a scroll of poison {unknown}
 A - 2 scrolls of magic mapping {unknown}
Potions
 e - 2 potions of mutation {unknown}
 g - a potion of curing
 h - 2 potions of degeneration {unknown}
 i - 3 potions of invisibility {unknown}
 l - 3 potions of heal wounds {unknown}
 m - 3 potions of ambrosia {unknown}
 o - 2 potions of cancellation {unknown}
 t - a potion of lignification {unknown}
 x - 2 potions of magic {unknown}
 B - a potion of flight {unknown}


   Skills:
 + Level 5.5 Fighting
 + Level 7.3 Polearms
 + Level 6.4 Armour
 + Level 1.2 Dodging
 + Level 0.7 Stealth
 + Level 4.4 Shields


You had 6 spell levels left.
You didn't know any spells.
Your spell library contained the following spells:

 Spells                   Type           Power      Damage    Failure   Level
 Apportation              Tloc           0%         N/A       86%         1
 Kiss of Death            Conj/Necr      0%         2d5       86%         1
 Necrotise                Necr           0%         1d4       86%         1
 Summon Small Mammal      Summ           0%         N/A       86%         1
 Blink                    Tloc           0%         N/A       94%         2
 Cigotuvi's Dreadful Rot  Necr/Pois/Air  0%         N/A       94%         2
 Poisonous Vapours        Pois/Air       0%         N/A       94%         2
 Sublimation of Blood     Necr           0%         N/A       94%         2
 Manifold Assault         Tloc           0%         N/A       100%        4
 Storm Form               Tmut/Air       0%         N/A       100%        7


Dungeon Overview and Level Annotations

Branches:
Dungeon (5/15)
 Temple: D:4-7

Altars:
Dithmenos
Fedhas
Hepliaklqana
Kikubaaqudgha
Xom
Yredelemnul


Innate Abilities, Weirdness & Mutations

You have a pair of horns on your head.
You reflexively headbutt those who attack you in melee.


Message History

You puncture the white imp!
You kill the white imp!
Dithmenos accepts your kill.
You see here a scroll labelled UFOTTU MOKO.
An ogre is nearby!
An ogre is nearby!
You reach to attack!
You hit the ogre.
The ogre is lightly wounded.
An ogre is nearby!
You barely miss the ogre.
You headbutt the ogre, but do no damage.
The ogre is lightly wounded.
The ogre closely misses you.
An ogre is nearby!
You barely miss the ogre.
The ogre is lightly wounded.
The ogre hits you with a +0 giant club!!
An ogre is nearby!
You puncture the ogre!
The ogre is heavily wounded.
An ogre is nearby!
You barely miss the ogre.
The ogre is heavily wounded.
The ogre closely misses you.
An ogre is nearby!
You completely miss the ogre. Your headbutt misses the ogre.
The ogre is heavily wounded.
The ogre hits you with a +0 giant club!
* * * LOW HITPOINT WARNING * * *
An ogre is nearby!
You are too injured to fight recklessly!
You hit the ogre. You headbutt the ogre.
The ogre is severely wounded.
You barely miss the ogre.
The ogre is severely wounded.
The ogre barely misses you.
You hit the ogre.
The ogre is severely wounded.
The ogre hits you with a +0 giant club!!
You die...

. '# .. .. #.# ...
.###.###.# ........ .
#.....#
....#######.....#
......O@?.#.....# ###
....#####.......## #..
. #.....#......#####..
#...#####.............
.. #.......#####..
......###.## #..
#......# #..# #
>......# ##.# .......#
#.# ##


You could see an ogre.

Vanquished Creatures
  Grinder (D:4)
  Eustachio (D:4)
  A phantom (D:5)
  A necrophage (D:5)
  2 hounds (D:4)
  A jelly (D:4)
  2 orc wizards
  A hound zombie (D:3)
  Robin (D:3)
  6 adders
  A gnoll (D:1)
  A white imp (D:5)
  3 worms (D:2)
  A dart slug (D:2)
  9 orcs
  7 endoplasms
  6 giant cockroaches
  13 goblins
  7 hobgoblins
  2 jackals (D:2)
  4 quokkas
  8 ball pythons
  A ball python zombie (D:3)
  9 bats
  9 frilled lizards
  5 kobolds
  5 rats
108 creatures vanquished.

Notes
Turn   | Place    | Note
-------+----------+-------------------------------------------
     0 | D:1      | Iusername the Minotaur Fighter began the quest for the Orb.
     0 | D:1      | Reached XP level 1. HP: 19/19 MP: 0/0
    62 | D:1      | Reached XP level 2. HP: 27/27 MP: 1/1
   238 | D:1      | Reached XP level 3. HP: 30/33 MP: 2/2
   462 | D:1      | Reached skill level 3 in Polearms
   597 | D:1      | Found a faded altar of an unknown god.
   766 | D:1      | Prayed at the altar of an unknown god.
   766 | D:1      | Became a worshipper of Kikubaaqudgha
   766 | D:1      | Reached * piety under Kikubaaqudgha
   766 | D:1      | Received a gift from Kikubaaqudgha
   767 | D:1      | Fell from the grace of Kikubaaqudgha
  2674 | D:2      | Found a shimmering altar of Xom.
  2686 | D:2      | Reached XP level 4. HP: 34/41 MP: 3/3
  2841 | D:2      | Reached skill level 4 in Polearms
  3713 | D:3      | Noticed Robin
  3729 | D:3      | Killed Robin
  3730 | D:3      | Reached XP level 5. HP: 30/47 MP: 4/4
  5401 | D:3      | Found a basalt altar of Yredelemnul.
  5731 | D:4      | Found a blossoming altar of Fedhas.
  6226 | D:4      | Reached skill level 5 in Polearms
  6226 | D:4      | Reached skill level 5 in Armour
  6226 | D:4      | Reached skill level 1 in Dodging
  6391 | D:4      | Found a hazy altar of Hepliaklqana.
  6791 | D:4      | Reached XP level 6. HP: 46/53 MP: 5/5
  7066 | D:4      | Noticed Eustachio
  7066 | D:4      | Noticed Grinder
  7077 | D:4      | Paralysed by Grinder for 2 turns
  7079 | D:4      | Killed Grinder
  7080 | D:4      | Reached skill level 5 in Fighting
  7080 | D:4      | Reached skill level 6 in Polearms
  7080 | D:4      | Reached XP level 7. HP: 19/61 MP: 6/6
  7101 | D:4      | Killed Eustachio
  7683 | D:5      | Entered Level 5 of the Dungeon
  7733 | D:5      | Reached skill level 7 in Polearms
  7776 | D:5      | Found a shadowy altar of Dithmenos.
  7789 | D:5      | Became a worshipper of Dithmenos the Shadowed
  7910 | D:5      | Slain by an ogre

Illustrated notes

Levels and vault maps discovered:
D:1:      lemuel_arrival_river_ford, layout_basic,
          hellmonk_ecumenical_altar_crossroads, minmay_domino_4
D:2:      layout_loops_ring, basic_altar
D:3:      layout_loops_ring, lemuel_zombie_altar_yredelemnul, uniq_robin
D:4:      layout_basic, fedhas_altar_3, nicolae_overflow_hidden_temple,
          uniq_eustachio, uniq_grinder
D:5:      layout_rooms, lemuel_doored_altar, grunt_dithmenos_shadows

Skill      XL: |  1  2  3  4  5  6  7 |
---------------+----------------------+-----
Armour         | 4 5 6 |  6.4
Fighting       | 4 5 |  5.5
Shields        | 4 |  4.4
Polearms       | 3 4 5 6 7 |  7.3
Dodging        | 1 |  1.2
Stealth        | |  0.7

Action                   |  1- 3 |  4- 6 |  7- 9 || total
-------------------------+-------+-------+-------++-------
Melee: Trident           |    96 |   155 |    45 ||   296
       Headbutt          |     8 |    23 |     6 ||    37
Invok: Renounce Religion |     1 |       |       ||     1
  Use: Potion            |       |     1 |     3 ||     4
Armor: Scale mail        |    35 |    55 |     5 ||    95
Dodge: Dodged            |    41 |    40 |    13 ||    94
Block: Buckler           |    16 |    28 |     5 ||    49

Table legend: (Time is in decaauts)
 A = Elapsed time spent in this place.
 B = Non-inter-level travel time spent in this place.
 C = Inter-level travel time spent in this place.
 D = Time resting spent in this place.
 E = Time spent auto-exploring this place.
 F = Levels seen in this place.
 G = Mean time per level.
                   A        B        C        D        E       F      G
               +--------+--------+--------+--------+--------+-----+--------+
         Total |   7950 |   7787 |    163 |   3992 |   3120 |   5 | 1590.0 |
       Dungeon |   7950 |   7787 |    163 |   3992 |   3120 |   5 | 1590.0 |
               +--------+--------+--------+--------+--------+-----+--------+

Top non-repeatable levels by time:
     D:1: 2495 daAuts
     D:3: 2101 daAuts
     D:4: 1956 daAuts
     D:2: 1170 daAuts
     D:5: 226 daAuts
